 Dungeon Crawl Stone Soup version 0.19-a0-746-g995b792 (webtiles) character file.

481 IamBaum the Sneak (level 6, -2/47 HPs)
             Began as a Demonspawn Assassin on June 24, 2016.
             Slain by an ogre
             ... wielding a +0 giant club
              (17 damage)
             ... on level 4 of the Dungeon.
             The game lasted 00:10:37 (3964 turns).

IamBaum the Sneak (Demonspawn Assassin)             Turns: 3964, Time: 00:10:37

Health: -2/47      AC:  6    Str: 12    XL:     6   Next: 87%
Magic:  6/6        EV: 13    Int: 12    God:
Gold:   192        SH:  0    Dex: 16    Spells: 0 memorised, 5 levels left

rFire  . . .     SeeInvis .     a - +3 dagger
rCold  + . .     Gourm    .     u - +0 leather armour
rNeg   . . .     Faith    .     (no shield)
rPois  .         Spirit   .     (no helmet)
rElec  .         Dismiss  .     d - +1 cloak
rCorr  .         Reflect  .     (no gloves)
SustAt .         Harm     .     v - +0 pair of boots
MR     .....                    (no amulet)
Stlth  +++++.....               r - ring of protection from fire
                                q - ring of ice

@: not resistant to hostile enchantments, quite stealthy
A: claws 1, demonic guardian 1, nightstalker 2
a: no special abilities


You were on level 4 of the Dungeon.
You were not hungry.

You visited 1 branch of the dungeon, and saw 4 of its levels.

You collected 192 gold pieces.

Inventory:

Hand Weapons
 a - a +3 dagger (weapon)
 b - a +0 blowgun
 h - a +0 dagger
Missiles
 e - 10 poisoned needles
 f - 2 curare-tipped needles
 y - 4 needles of confusion
Armour
 c - a +0 robe
 d - a +1 cloak (worn)
 o - a +0 chain mail
 u - a +0 leather armour (worn)
 v - a +0 pair of boots (worn)
Jewellery
 q - a ring of ice (left claw)
 r - a ring of protection from fire (right claw)
Wands
 z - a wand of enslavement (14/24)
Scrolls
 j - 7 scrolls of remove curse
 k - 4 scrolls of teleportation
 l - a scroll of enchant armour
 p - 4 scrolls of identify
 w - a scroll of enchant weapon
 A - 2 scrolls of fog
Potions
 i - 3 potions of curing {unknown}
 m - 2 potions of agility {unknown}
 n - 2 potions of brilliance {unknown}
 x - a potion of haste {unknown}
Books
 s - a book of Necromancy

   Spells                             Type                      Level
   a - Pain                           Necromancy                   1
   b - Animate Skeleton               Necromancy                   1
   c - Vampiric Draining              Necromancy                   3
   d - Regeneration                   Charms/Necromancy            3
   e - Animate Dead                   Necromancy                   4
   f - Control Undead                 Necromancy                   4
Comestibles
 g - 3 bread rations
 t - a slice of pizza


   Skills:
 + Level 3.2 Fighting
 + Level 3.4 Short Blades
 - Level 1.8 Throwing
 + Level 1.5 Armour
 + Level 3.6 Dodging
 + Level 5.0 Stealth


You had 5 spell levels left.
You didn't know any spells.

Dungeon Overview and Level Annotations

Branches:
Dungeon (4/15)
 Temple: D:4-7

Altars:
Ashenzari
Makhleb
Xom

Annotations:
D:4 Natasha


Innate Abilities, Weirdness & Mutations

You have sharp fingernails.
A weak demonic guardian rushes to your aid.
You are significantly more attuned to the shadows.


Message History

The ogre barely misses you. Natasha claws you.
Your ufetubus barely misses the shadow imp.
Your ufetubus hits the shadow imp but does no damage.
You hit the ogre.
The ogre is heavily wounded.
The shadow imp closely misses your ufetubus.
Your ufetubus hits the shadow imp but does no damage. x2
Natasha casts a spell at you. You resist with some effort.
The ogre closely misses you.
You hit the ogre.
The ogre is severely wounded.
Your ufetubus hits the shadow imp. x2
The shadow imp barely misses your ufetubus.
Natasha claws you.
You barely miss the ogre.
The ogre is severely wounded.
Your ufetubus hits the shadow imp. x2
The shadow imp dies!
The ogre hits you with a giant club!
You die...

....<...# ....###.#
....# #.# ....###.# .#
##......# .# ##.###..#
.# ...#
#..#########.####
##.###..........5O....
##...........%.)@†....
##.###.#.#.^.....h....
##.# ###.#............
##.# #...######.####
##.# #.#.# ... ##.
#.#.# ### # #.#/# #
..#.# # ## .#


You could see an ogre, Natasha and a friendly ufetubus.

Vanquished Creatures
  An ogre (D:4)
  An orc priest (D:3)
  Ijyb (D:3)
  Natasha (D:4)
  2 worker ants (D:4)
  3 orc wizards
  Robin (D:2)
  2 gnolls (D:4)
  5 adders
  An ooze (D:4)
  2 worms
  5 dart slugs
  3 giant geckos
  7 orcs
  A ball python (D:2)
  10 giant cockroaches
  17 goblins
  11 hobgoblins
  3 jackals (D:1)
  7 kobolds
  3 quokkas
  4 bats
  A giant gecko skeleton (D:4)
  6 giant newts
  5 rats
103 creatures vanquished.

Vanquished Creatures (collateral kills)
  A gnoll (D:4)
  An orc (D:3)
2 creatures vanquished.

Grand Total: 105 creatures vanquished

Notes
Turn   | Place    | Note
--------------------------------------------------------------
     0 | D:1      | IamBaum the Demonspawn Assassin began the quest for the Orb.
     0 | D:1      | Reached XP level 1. HP: 16/16 MP: 1/1
   172 | D:1      | Reached skill level 1 in Dodging
   197 | D:1      | Reached skill level 4 in Stealth
   197 | D:1      | Gained mutation: You have sharp fingernails. [demonic ancestry]
   197 | D:1      | Reached XP level 2. HP: 17/22 MP: 2/2
   587 | D:1      | Reached XP level 3. HP: 11/27 MP: 3/3
   931 | D:2      | Noticed Robin
   954 | D:2      | HP: 1/27 [goblin/dagger[Robin] (2)]
  1299 | D:2      | Found a burning altar of Makhleb.
  1299 | D:2      | Noticed an Executioner
  1303 | D:2      | Noticed an orange demon
  1303 | D:2      | Noticed an orange demon
  1331 | D:2      | Killed Robin
  1382 | D:1      | Gained mutation: A weak demonic guardian rushes to your aid. [demonic ancestry]
  1382 | D:1      | Reached XP level 4. HP: 10/34 MP: 4/4
  2142 | D:3      | Found a shattered altar of Ashenzari.
  2312 | D:3      | Gained mutation: You are slightly more attuned to the shadows. [demonic ancestry]
  2312 | D:3      | Reached XP level 5. HP: 33/39 MP: 5/5
  2603 | D:3      | Noticed Ijyb
  2631 | D:3      | Killed Ijyb
  2881 | D:3      | Found a shimmering altar of Xom.
  2882 | D:3      | Found a shimmering altar of Xom.
  2882 | D:3      | Found a shimmering altar of Xom.
  2883 | D:3      | Found a shimmering altar of Xom.
  2891 | D:3      | Found a shimmering altar of Xom.
  2893 | D:3      | Found a shimmering altar of Xom.
  2896 | D:3      | Found a shimmering altar of Xom.
  3256 | D:4      | Gained mutation: You are significantly more attuned to the shadows. [demonic ancestry]
  3256 | D:4      | Reached XP level 6. HP: 47/47 MP: 6/6
  3435 | D:4      | Reached skill level 1 in Armour
  3908 | D:4      | Noticed Natasha
  3917 | D:4      | Killed Natasha
  3948 | D:4      | Reached skill level 5 in Stealth
  3950 | D:4      | Noticed Natasha
  3964 | D:4      | Slain by an ogre

Vault maps used:
D:1:      minmay_arrival_loop
D:2:      makhleb_altar_promises_db, first_bread, uniq_robin
D:3:      minmay_wonky_spiral, nicolae_xom_altar_mimics,
          nicolae_overflow_hidden_temple, uniq_iyjb
D:4:      uniq_natasha

Skill      XL: |  1  2  3  4  5  6 |
---------------+-------------------+-----
Dodging        | 1 2 3 |  3.6
Stealth        | 4 5 |  5.0
Short Blades   | 2 3 |  3.4
Fighting       | 3 |  3.2
Armour         | 1 |  1.5
Throwing       | |  1.8

Action                   |  1- 3 |  4- 6 || total
-------------------------+-------+-------++-------
Melee: Dagger            |   133 |   273 ||   406
  Use: Scroll            |     8 |       ||     8
 Stab: Sleeping          |     7 |    11 ||    18
  Eat: Bread ration      |     1 |     1 ||     2
       Beef jerky        |       |     1 ||     1
Armor: Robe              |    31 |     1 ||    32
       Chain mail        |       |   122 ||   122
       Leather armour    |       |    21 ||    21
Dodge: Dodged            |   104 |   123 ||   227
